 Dungeon Crawl Stone Soup version 0.18.1-8-gdd0e5ea (webtiles) character file.

73 Gagarin the Skirmisher (level 4, 0/37 HPs)
             Began as a Demonspawn Abyssal Knight on May 31, 2016.
             Was a Follower of Lugonu.
             Succumbed to a gnoll's poison
             ... on level 2 of the Dungeon.
             The game lasted 00:04:56 (1698 turns).

Gagarin the Skirmisher (Demonspawn Abyssal Knight)  Turns: 1698, Time: 00:04:57

Health: 0/37       AC:  7    Str: 13    XL:     4   Next: 8%
Magic:  5/5        EV: 11    Int: 14    God:    Lugonu [*.....]
Gold:   89         SH:  0    Dex: 11    Spells: 0 memorised, 3 levels left

rFire  . . .     SeeInvis .     a - +1 spear
rCold  . . .     Gourm    .     b - +0 leather armour
rNeg   . . .     Faith    .     (no shield)
rPois  .         Spirit   .     (helmet restricted)
rElec  .         Dismiss  .     (no cloak)
rCorr  .         Reflect  .     (no gloves)
SustAt .         Harm     .     (no boots)
MR     .....                    (no amulet)
Stlth  ++........               (no ring)
                                (no ring)

@: lethally poisoned (0 -> -10), not resistant to hostile enchantments,
unstealthy
A: horns 1, rough black scales 1, nightstalker 1
a: Depart the Abyss, Renounce Religion


You were on level 2 of the Dungeon.
You worshipped Lugonu.
Lugonu was aware of your devotion.
You were hungry.

You visited 1 branch of the dungeon, and saw 2 of its levels.
You visited the Abyss 1 time.

You collected 89 gold pieces.

Inventory:

Hand Weapons
 a - a +1 spear (weapon)
Armour
 b - a +0 leather armour (worn)
Scrolls
 d - a scroll of amnesia {unknown}
 e - a scroll of remove curse {unknown}
 f - a scroll of noise {unknown}
 g - 2 scrolls of recharging
Comestibles
 c - a bread ration


   Skills:
 + Level 3.7 Fighting
 + Level 2.5 Polearms
 + Level 2.4 Armour
 + Level 1.1 Dodging
 + Level 0.4 Stealth
 + Level 2.6 Invocations


You had 3 spell levels left.
You didn't know any spells.

Dungeon Overview and Level Annotations

Branches:
Dungeon (2/15)

Altars:
Cheibriados


Innate Abilities, Weirdness & Mutations

You have a pair of small horns on your head.
You are partially covered in rough black scales (AC +4, Dex -1).
You are slightly more attuned to the shadows.


Message History

* * * LOW HITPOINT WARNING * * *
You feel sick. The gnoll hits you.
* * * LOW HITPOINT WARNING * * *
You hit the gnoll.
You kill the gnoll!
Lugonu accepts your kill.
You have reached level 4!
You feel stronger.
Your demonic ancestry asserts itself...
Rough black scales grow over part of your body.
* * * LOW HITPOINT WARNING * * *
You feel sick.
* * * LOW HITPOINT WARNING * * *
You feel sick.
Things that are here:
a spear of venom; a gnoll corpse Read which item? (? for menu, Esc to quit)
As you read the scroll labeled ZEARERACAM, it crumbles to dust.
It is a scroll of recharging.
You aren't carrying any rechargeable items.
You die...

........<##......#
..>................
......##.##......#
.........##.......
#....#.###...#....b .#..
#.##.#.............# ....
####.##.#####...#...... ....
###+##.......#####...#...... ....
#.....#.#.###...@.#### ... .#....
#.....#.#.# #.###.##########.....
#.....#+#.# #.# #.........).....$
###+#.....###.####...######......
+............'...............
#####....####.)..#....###.#.#....
#........# #....#............#..
#........####....####+#+#.#....##
#........##......##.......###..#


There were no monsters in sight!

Vanquished Creatures
  3 gnolls (D:2)
  An adder (D:2)
  An ooze (D:1)
  A worm (D:2)
  2 dart slugs (D:1)
  A giant gecko (D:2)
  2 bats
  2 giant cockroaches (D:1)
  A goblin (D:1)
  A hobgoblin (D:1)
  7 kobolds
  A giant newt (D:2)
  4 rats
27 creatures vanquished.

Notes
Turn   | Place    | Note
--------------------------------------------------------------
     0 | Abyss:1  | Gagarin the Demonspawn Abyssal Knight began the quest for the Orb.
     0 | Abyss:1  | Reached XP level 1. HP: 18/18 MP: 2/2
    36 | Abyss:1  | Found a corrupted altar of Lugonu.
    98 | Abyss:1  | Noticed a quasit
    98 | D:1      | Escaped the Abyss
   549 | D:1      | Gained mutation: You are slightly more attuned to the shadows. [demonic ancestry]
   549 | D:1      | Reached XP level 2. HP: 24/24 MP: 3/3
   576 | D:1      | Reached * piety under Lugonu
   620 | D:1      | Reached skill level 1 in Dodging
   908 | D:1      | Found a snail-covered altar of Cheibriados.
  1436 | D:2      | Gained mutation: You have a pair of small horns on your head. [demonic ancestry]
  1436 | D:2      | Reached XP level 3. HP: 21/30 MP: 4/4
  1696 | D:2      | Gained mutation: You are partially covered in rough black scales (AC +4, Dex -1). [demonic ancestry]
  1696 | D:2      | Reached XP level 4. HP: 2/37 MP: 5/5
  1697 | D:2      | HP: 1/37 [poisoned by a gnoll]
  1698 | D:2      | Succumbed to a gnoll's poison

Skill      XL: |  1  2 |
---------------+-------+-----
Polearms       | 2 |  2.5
Dodging        | 1 |  1.1
Armour         | 2 |  2.4
Fighting       | |  3.7
Stealth        | |  0.4
Invocations    | |  2.6

Action                   |  1- 3 |  4- 6 || total
-------------------------+-------+-------++-------
Melee: Spear             |   111 |       ||   111
       Headbutt          |     3 |       ||     3
Invok: Depart the Abyss  |     1 |       ||     1
  Use: Scroll            |       |     1 ||     1
 Stab: Sleeping          |     3 |       ||     3
  Eat: Chunk             |     2 |       ||     2
Armor: Leather armour    |    13 |       ||    13
Dodge: Dodged            |    43 |       ||    43
